 Dungeon Crawl Stone Soup version 0.30.0-13-g156ef70053 (webtiles) character file.

Game seed: 5231715087853977182

436 browni3141 the Covered (level 6, -4/56 HPs)
             Began as a Minotaur Fighter on May 17, 2023.
             Slain by Pikel
             ... wielding a +2 whip of freezing
              (5 damage)
             ... on level 4 of the Dungeon.
             The game lasted 00:01:01 (2131 turns).

browni3141 the Covered (Minotaur Fighter)           Turns: 2131, Time: 00:01:02

Health: -4/56      AC:  7    Str: 21    XL:     6   Next: 68%
Magic:  5/5        EV: 10    Int:  5    God:
Gold:   174        SH:  5    Dex: 11    Spells: 5/5 levels left

rFire   . . .        a - +0 war axe
rCold   . . .        c - +0 buckler
rNeg    . . .        b - +0 scale mail
rPois   .            (helmet restricted)
rElec   .            (no cloak)
rCorr   .            (no gloves)
SInv    .            (no boots)
Will    .....        N - amulet of the acrobat Stlth
                     (no ring)
HPRegen 0.29/turn    (no ring)
MPRegen 0.09/turn

%: acrobat
@: no status effects
A: horns 2, retaliatory headbutt
a: no special abilities


You were on level 4 of the Dungeon.
You visited 1 branch of the dungeon, and saw 4 of its levels.

You collected 174 gold pieces.

Inventory:

Hand Weapons
 a - a +0 war axe (weapon)
Armour
 b - a +0 scale mail (worn)
 c - a +0 buckler (worn)
Jewellery
 N - an amulet of the acrobat (around neck)
Scrolls
 S - a scroll of enchant weapon {unknown}
 T - 4 scrolls of teleportation {unknown}
 U - a scroll of blinking {unknown}
 V - 2 scrolls of fog {unknown}
Potions
 M - 2 potions of might
 O - 3 potions of curing {unknown}
 P - a potion of flight {unknown}
 Q - a potion of berserk rage {unknown}
 R - 4 potions of heal wounds {unknown}


   Skills:
 + Level 5.2 Fighting
 + Level 4.4 Axes
 + Level 5.2 Armour
 + Level 3.0 Dodging
 + Level 5.2 Shields


You had 5 spell levels left.
You didn't know any spells.
Your spell library contained the following spells:

 Spells                   Type           Power      Damage    Failure   Level
 Lesser Beckoning         Tloc           0%         N/A       94%         2
 Gell's Gravitas          Tloc           0%         N/A       99%         3
 Teleport Other           Tloc           0%         N/A       99%         3


Dungeon Overview and Level Annotations

Branches:
Dungeon (4/15)
 Temple: D:4-7

Altars:

Annotations:
D:4 Pikel


Innate Abilities, Weirdness & Mutations

You have a pair of horns on your head.
You reflexively headbutt those who attack you in melee.


Message History

The giant cockroach is moderately wounded.
The giant cockroach bites you but does no damage. x2
A giant cockroach is nearby!
You hit the giant cockroach.
You kill the giant cockroach!
No target in view!
No target in view!
You see here 5 stones.
Found a stone staircase leading down.
M - 2 potions of might (gained 1)
An adder comes into view.
The adder hisses angrily.
An adder is nearby!
An adder is nearby!
An adder is nearby!
You closely miss the adder. Your headbutt misses the adder.
The adder bites you but does no damage. The adder bites you.
You hit the adder.
The adder is heavily wounded.
The adder barely misses you. You furiously retaliate!
You headbutt the adder!
You kill the adder!
No target in view!
No target in view!
No target in view!
You see here the +7 dagger "Joqoteub" {elec, rC++ Str+3 Int+2}.
You now have 174 gold pieces (gained 13).
A lemure and an endoplasm come into view.
The lemure shouts!
The endoplasm quivers.
You hear a shout! x3
A lemure comes into view.
The endoplasm moves out of view.
You hear a shout!
There are monsters nearby!
There are monsters nearby!
Pikel, a lemure and a scorpion come into view.
Pikel is wielding a +2 whip of freezing.
Pikel shouts!
The lemure shouts! x2; You hear a shout!
A lemure comes into view.
You closely miss the scorpion. You barely miss the endoplasm.
The scorpion stings you but does no damage.
You block the endoplasm's attack.
The scorpion stings you but does no damage.
You closely miss the scorpion. You barely miss the endoplasm.
You block the endoplasm's attack.
The scorpion stings you but does no damage.
Pikel hits you with a +2 whip of freezing.
Pikel freezes you. The endoplasm closely misses you.
You closely miss Pikel. You hit the endoplasm.
You hit the scorpion but do no damage. The scorpion stings you.
The scorpion barely misses you. You furiously retaliate!
You headbutt the scorpion! You block the endoplasm's attack.
Pikel hits you with a +2 whip of freezing.
Pikel freezes you.
You hit the scorpion but do no damage. Your headbutt misses the scorpion.
The scorpion is heavily wounded.
You hit Pikel. You hit the endoplasm.
The scorpion stings you but does no damage.
The endoplasm freezes you.
You are frozen.
Pikel hits you with a +2 whip of freezing!
Pikel freezes you. The scorpion stings you.
You are poisoned.
The scorpion poisons you!
You slash the scorpion!
You kill the scorpion!
You slash Pikel! You hit the endoplasm but do no damage.
You feel very sick. The endoplasm freezes you.
You are frozen.
Pikel hits you with a +2 whip of freezing!
Pikel freezes you. The lemure closely misses you.
The endoplasm closely misses you. You furiously retaliate!
You headbutt the endoplasm!
You kill the endoplasm!
Pikel closely misses you. You furiously retaliate!
You headbutt Pikel.
Your Dodging skill increases to level 3!
The lemure attacks as you move away! The lemure hits you.
You feel sick.
You closely miss Pikel. Your headbutt misses Pikel.
Pikel is heavily wounded.
You feel sick. Pikel barely misses you.
You hit Pikel. You headbutt Pikel, but do no damage.
Pikel is heavily wounded.
You feel sick.
A kobold comes into view.
It is wielding a +0 broad axe and quivering poisoned darts.
Pikel barely misses you. You furiously retaliate!
You headbutt Pikel! You hit Pikel. You headbutt Pikel, but do no damage.
Pikel is almost dead.
You feel sick.
Pikel hits you with a +2 whip of freezing.
Pikel freezes you.
You miss Pikel. You headbutt Pikel, but do no damage.
Pikel is almost dead.
You feel sick. Pikel hits you but does no damage. x2
You completely miss Pikel.
Pikel is almost dead.
You feel sick.
You are no longer poisoned.
Pikel hits you with a +2 whip of freezing.
You die...

#.# #..#.# #.# #..#.# #.# #..#.#
#############.##########..#.#####
...).............)......(........
.....########.##########..#.#.###
.....# #.# #..#.#.# .....#
#.##########..#.#.# .....#
#.#.@.........#.#.# ######
#[#K########.##.#.# #..555...#
#.##.#.# .....K.....# #.##.#.#
...^.......# ##.##.#.#
........#### #.......# ........#
#...[...# ##......# #...)...#
#.)....# #.......#


You could see Pikel, 3 lemures and a kobold.

Vanquished Creatures
  Sigmund (D:2)
  A phantom (D:3)
  A scorpion (D:4)
  An orc wizard (D:3)
  4 gnolls (D:3)
  2 adders
  A dart slug (D:1)
  7 orcs
  8 endoplasms
  5 giant cockroaches
  4 goblins
  5 hobgoblins
  A quokka (D:1)
  5 ball pythons
  9 bats
  A frilled lizard (D:1)
  2 kobolds
  3 rats
  A spectral kobold (D:1)
62 creatures vanquished.

Notes
Turn   | Place    | Note
-------+----------+-------------------------------------------
     0 | D:1      | browni3141 the Minotaur Fighter began the quest for the
                  | Orb.
     0 | D:1      | Reached XP level 1. HP: 19/19 MP: 0/0
    88 | D:1      | Reached XP level 2. HP: 27/27 MP: 1/1
   324 | D:1      | Found a faded altar of an unknown god.
   541 | D:2      | Reached XP level 3. HP: 32/32 MP: 2/2
   631 | D:2      | Noticed Sigmund
   650 | D:2      | Killed Sigmund
   651 | D:2      | Reached skill level 3 in Axes
   651 | D:2      | Reached XP level 4. HP: 18/41 MP: 3/3
   651 | D:2      | Reached XP level 5. HP: 20/47 MP: 4/4
  1428 | D:3      | Noticed a phantom
  1447 | D:3      | Killed a phantom
  1448 | D:3      | Reached XP level 6. HP: 33/55 MP: 5/5
  2104 | D:4      | Identified the +7 dagger "Joqoteub" {elec, rC++ Str+3
                  | Int+2}
  2119 | D:4      | Noticed Pikel
  2126 | D:4      | Reached skill level 3 in Dodging
  2129 | D:4      | HP: 2/56 [Pikel/+2 whip of freezing (2)]
  2131 | D:4      | Slain by Pikel

Illustrated notes

Levels and vault maps discovered:
D:1:      dpeg_arrival_tiny_a, layout_rooms,
          dreamdust_ecumenical_altar_drowned_temple, serial_bayou_ford_a
D:2:      layout_loops_ring, uniq_sigmund
D:3:      layout_rooms, serial_glass, glass_columns_b, glass_columns_b
D:4:      layout_basic, lightli_corner_chamber, uniq_pikel, uniq_menkaure

Skill      XL: |  1  2  3  4  5  6 |
---------------+-------------------+-----
Dodging        | 1 2 3 |  3.0
Shields        | 4 5 |  5.2
Fighting       | 4 5 |  5.2
Armour         | 4 5 |  5.2
Axes           | 3 4 |  4.4

Action                     |  1- 3 |  4- 6 || total
---------------------------+-------+-------++-------
  Melee: War axe           |    71 |    83 ||   154
         Headbutt          |     8 |    18 ||    26
 Armour: Scale mail        |    43 |    27 ||    70
  Dodge: Dodged            |    49 |    50 ||    99
  Block: Buckler           |    22 |    13 ||    35
